 Dungeon Crawl Stone Soup version 0.29.1-15-g9cfb28693d (webtiles) character file.

Game seed: 15904624510507662876

162 sweetbreads the Digger (level 5, -4/29 HPs)
             Began as a Gargoyle Earth Elementalist on Mar 20, 2023.
             Was an Initiate of Vehumet.
             Slain by a gnoll bouda
             ... wielding a +0 whip
              (10 damage)
             ... on level 4 of the Dungeon.
             The game lasted 00:10:02 (2892 turns).

sweetbreads the Digger (GrEE)                       Turns: 2892, Time: 00:10:03

Health: -4/29      AC:  6    Str: 12    XL:     5   Next: 43%
Magic:  8/8        EV: 12    Int: 17    God:    Vehumet [......]
Gold:   102        SH:  0    Dex: 10    Spells: 4/8 levels left

rFire   . . .      SeeInvis .   a - +0 whip
rCold   . . .      Faith    .   (no shield)
rNeg    + . .      Spirit   .   e - +0 robe
rPois   ∞          Reflect  .   (no helmet)
rElec   +          Harm     .   (no cloak)
rCorr   .          Rampage  .   (no gloves)
Will    .....                   (no boots)
Stlth   ++........              i - amulet of the acrobat
HPRegen 0.09/turn               t - +4 ring of slaying
MPRegen 0.11/turn               (no ring)

@: weakened
A: sickness immunity, AC +4, negative energy resistance 1, electricity
resistance, torment resistance 1, petrification resistance
a: Renounce Religion


You were on level 4 of the Dungeon.
You worshipped Vehumet.
Vehumet was noncommittal.
You visited 2 branches of the dungeon, and saw 5 of its levels.

You collected 102 gold pieces.

Inventory:

Hand Weapons
 a - a +0 whip (weapon)
Missiles
 q - 10 poisoned darts
Armour
 e - a +0 robe (worn)
Jewellery
 i - an amulet of the acrobat (around neck)
 t - a +4 ring of slaying (left hand)
Scrolls
 h - a scroll of enchant armour {unknown}
 j - 3 scrolls of identify {unknown}
 k - 2 scrolls of fear {unknown}
 l - a scroll of brand weapon {unknown}
 m - a scroll of butterflies {unknown}
 s - a scroll of magic mapping {unknown}
 u - a scroll of teleportation {unknown}
 v - a scroll of noise {unknown}
Potions
 b - a potion of magic
 c - a potion of berserk rage {unknown}
 d - a potion of might {unknown}
 f - a potion of invisibility {unknown}
 g - a potion of haste {unknown}
 n - a potion of curing {unknown}
 o - a potion of resistance {unknown}
 p - a potion of attraction {unknown}
 r - a potion of lignification {unknown}


   Skills:
 * Level 1.4 Fighting
 * Level 2.3 Dodging
 * Level 2.9 Stealth
 - Level 2.0 Spellcasting
 * Level 1.6 Conjurations
 * Level 1.3 Transmutations
 + Level 5.3 Earth Magic


You had 4 spell levels left.
You knew the following spells:

 Your Spells              Type           Power      Damage    Failure   Level
a - Sandblast             Erth           38%        2d10      2%          1
b - Stone Arrow           Conj/Erth      26%        3d8       14%         3

Your spell library contained the following spells:

 Spells                   Type           Power      Damage    Failure   Level
 Passwall                 Tmut/Erth      10%        N/A       8%          2
 Foxfire                  Conj/Fire      16%        2x1d4     14%         1
 Shock                    Conj/Air       16%        1d4       14%         1
 Blink                    Tloc           2%         N/A       28%         2
 Ensorcelled Hibernation  Hex/Ice        2%         N/A       28%         2
 Conjure Flame            Conj/Fire      4%         6-21      38%         3
 Petrify                  Tmut/Erth      13%        N/A       43%         4
 Inner Flame              Hex/Fire       1%         N/A       50%         3
 Lesser Beckoning         Tloc           1%         N/A       50%         3
 Swiftness                Air            1%         N/A       50%         3
 Flame Wave               Conj/Fire      4%         2d5       80%         4
 Airstrike                Air            0%         2d(1-17)  88%         4
 Manifold Assault         Tloc           1%         N/A       99%         5


Dungeon Overview and Level Annotations

Branches:
Dungeon (4/15)             Temple (1/1) D:4

Altars:
Cheibriados
Elyvilon
Makhleb
Nemelex Xobeh
Okawaru
Trog
Vehumet
Wu Jian
The Shining One

Shops:
D:2 (   D:4 **

Annotations:
D:3 3 runed translucent doors
D:4 1 runed translucent door, Seidenschwarz's ghost, amateur MiFi


Innate Abilities, Weirdness & Mutations

You are immune to sickness and miasma.
Your stone body is resilient. (AC +4)
You are immune to poison.
You resist negative energy. (rN+)
You are resistant to electric shocks. (rElec)
You are resistant to unholy torment.
You are immune to petrification.


Message History

The gnoll barely misses you.
The gnoll bouda barks out a call to the hunt!
The gnolls pick up the pace!
The gnoll hits you but does no damage.
Casting: Sandblast (safe; 2% risk of failure)
Confirm with . or Enter, or press ? or * to list all spells.
Aiming: Sandblast (safe; 2% risk of failure)
Press: ? - help, Shift-Dir - straight line, f/p - gnoll
Aim: a gnoll, wielding a +0 club (heavily wounded, covering ground quickly, 84% to hit)
The blast of sand hits the gnoll.
The gnoll is almost dead.
The gnoll hits you but does no damage.
Casting: Sandblast (safe; 2% risk of failure)
Confirm with . or Enter, or press ? or * to list all spells.
You don't have enough magic to cast this spell.
Unknown command.
Unknown command.
You barely miss the gnoll.
The gnoll is almost dead.
The gnoll hits you with a +0 club.
You whack the gnoll!
You kill the gnoll!
Vehumet accepts your kill.
You see here a +0 halberd.
The gnoll closely misses you. The gnoll attacks as you move away!
The gnoll completely misses you.
The gnoll bouda gazes fiercely through you!
You feel your attacks grow feeble.
Casting: Sandblast (safe; 2% risk of failure)
Confirm with . or Enter, or press ? or * to list all spells.
Aiming: Sandblast (safe; 2% risk of failure)
Press: ? - help, Shift-Dir - straight line, f - gnoll
Aim: a gnoll, wielding a +0 flail (covering ground quickly, 84% to hit)
The blast of sand misses the gnoll.
The gnoll misses you.
The gnoll bouda hits you with a +0 whip.
* * * LOW HITPOINT WARNING * * *
Unknown command.
Magic courses through your body. The gnoll hits you but does no damage.
The gnoll bouda hits you with a +0 whip!
You die...

.. .# #. #......#..... ...
#.#.#.#.#.#.....#.....
...#. .#.#.# #......#.###
..#.#.#.#.# #.....###...
#...#...#...#.###.#....
#.).#.<.#...##...#.....
#...#...# ..#....#....#
#.#)#g# # #.....#...##
#.#.#@# #.#....#.###.#
#.#)#g#.#.#...###...#.
#.).#...#.###.#....#.
#...#...##...#..<..#.
#...#...#....#....#.#
......#.#.#.#.....#...###.
......#.#.#.#....#.###.# .
≈§§...#.#.#.#...###...#..
.§..####...#.###.#....#...


You could see a gnoll bouda and a gnoll (swift).

Vanquished Creatures
  Terence (D:3)
  5 gnolls
  2 adders (D:2)
  2 worms (D:2)
  3 dart slugs
  4 ball pythons
  10 endoplasms
  3 giant cockroaches (D:1)
  4 hobgoblins
  4 jackals
  2 quokkas (D:1)
  A bat (D:1)
  4 frilled lizards
  3 goblins
  5 kobolds
  8 rats
61 creatures vanquished.

Vanquished Creatures (others)
  2 withered plants (D:4)
2 creatures vanquished.

Grand Total: 63 creatures vanquished

Notes
Turn   | Place    | Note
-------+----------+-------------------------------------------
     0 | D:1      | sweetbreads the Gargoyle Earth Elementalist began the quest
                  | for the Orb.
     0 | D:1      | Reached XP level 1. HP: 10/10 MP: 3/3
   123 | D:1      | Reached XP level 2. HP: 14/15 MP: 1/5
   249 | D:1      | Reached skill level 4 in Earth Magic
   467 | D:1      | Reached skill level 1 in Transmutations
   478 | D:1      | Found a faded altar of an unknown god.
   584 | D:1      | Reached XP level 3. HP: 20/20 MP: 4/6
   588 | D:1      | Learned a level 3 spell: Stone Arrow
  1179 | D:2      | Reached skill level 1 in Conjurations
  1582 | D:2      | Reached XP level 4. HP: 24/24 MP: 0/7
  1693 | D:2      | Reached skill level 1 in Fighting
  1886 | D:2      | Found Wuari's Weapon Boutique.
  1976 | D:3      | Found a runed translucent gate.
  1993 | D:3      | Noticed Terence
  2032 | D:3      | Found an ornate altar of the Wu Jian Council.
  2519 | D:3      | Killed Terence
  2520 | D:3      | Reached skill level 5 in Earth Magic
  2520 | D:3      | Reached XP level 5. HP: 20/29 MP: 2/8
  2619 | D:3      | Found a runed translucent gate.
  2620 | D:3      | Found a runed translucent gate.
  2653 | D:3      | Identified the +2 hand axe of the Breathing Gods {vorpal,
                  | rElec rPois}
  2727 | D:4      | Found Suegeck's General Store.
  2731 | D:4      | Found a staircase to the Ecumenical Temple.
  2735 | D:4      | Found a runed translucent door.
  2738 | D:4      | Noticed Seidenschwarz's ghost (amateur MiFi)
  2743 | Temple   | Entered the Ecumenical Temple
  2773 | Temple   | Became a worshipper of Vehumet
  2867 | D:4      | Found Qefuqico's General Store.
  2892 | D:4      | Slain by a gnoll bouda

Illustrated notes

Levels and vault maps discovered:
D:1:      sevenhm_arrival_forest_fort_large_1, layout_loops_cross,
          shapermc_ecumenical_altar_starsandcircs
D:2:      layout_loops_cross, serial_shops, nicolae_shop_bloodbath_and_beyond,
          dreamdust_princess_corridor, cheibrodos_gnoll_hut
D:3:      layout_basic, mainiacjoe_overflow_paths, lemuel_doored_altar,
          mainiacjoe_overflow_catch_the_wave, biasface_ghost_orc_armoury,
          uniq_ijyb, uniq_grinder, uniq_terence
D:4:      nicolae_BIG_FREAKIN_CUBE, layout_rooms, serial_shops,
          nicolae_diamond_shop, kennysheep_mini_moat,
          nicolae_shop_competitors_out_of_business, nicolae_shop_hallway_stairs,
          shop, gammafunk_ghost_grave
Temple:   hellmonk_temple_rainy

Skill      XL: |  1  2  3  4 |
---------------+-------------+-----
Earth Magic    | 4 5 |  5.3
Transmutations | 1 |  1.3
Conjurations   | 1 |  1.6
Dodging        | 2 |  2.3
Fighting       | 1 |  1.4
Stealth        | |  2.9
Spellcasting   | |  2.0

Action                   |  1- 3 |  4- 6 || total
-------------------------+-------+-------++-------
Melee: Unarmed           |    22 |       ||    22
       Whip              |       |     3 ||     3
 Cast: Sandblast         |    58 |    38 ||    96
  Use: Potion            |       |     1 ||     1
Armor: Robe              |     7 |     5 ||    12
Dodge: Dodged            |    26 |     9 ||    35
